 Dungeon Crawl Stone Soup version 0.18-a0-1347-gb9e2fb4 (webtiles) character file.

89 George the Slasher (level 4, -4/39 HPs)
             Began as a Minotaur Fighter on Feb 17, 2016.
             Slain by a gnoll
             ... wielding a +0 halberd
              (8 damage)
             ... on level 2 of the Dungeon.
             The game lasted 00:02:00 (1682 turns).

George the Slasher (Minotaur Fighter)               Turns: 1682, Time: 00:02:01

Health: -4/39      AC:  6    Str: 22    XL:     4   Next: 31%
Magic:  3/3        EV:  7    Int:  5    God:
Gold:   108        SH:  9    Dex:  9    Spells: 0 memorised, 3 levels left

rFire  . . .     SeeInvis .     a - +0 long sword
rCold  . . .     Gourm    .     b - +0 scale mail
rNeg   . . .     Faith    .     c - +0 shield
rPois  .         Spirit   .     (helmet restricted)
rElec  .         Dismiss  .     (no cloak)
rCorr  .         Reflect  .     (no gloves)
SustAt .         Harm     .     (no boots)
MR     .....                    (no amulet)
Stlth  ..........               (no ring)
                                h - ring of wizardry

@: not resistant to hostile enchantments, extremely unstealthy
A: retaliatory headbutt, horns 2
a: no special abilities


You were on level 2 of the Dungeon.
You were not hungry.

You visited 1 branch of the dungeon, and saw 2 of its levels.

You collected 108 gold pieces.

Inventory:

Hand Weapons
 a - a +0 long sword (weapon)
Armour
 b - a +0 scale mail (worn)
 c - a +0 shield (worn)
Jewellery
 h - a ring of wizardry (left hand)
Scrolls
 g - 2 scrolls of noise {unknown}
 j - a scroll of remove curse {unknown}
 k - a scroll of enchant weapon {unknown}
 m - a scroll of random uselessness {unknown}
 p - a scroll of recharging {unknown}
Potions
 d - a potion of might
 n - 2 potions of degeneration {unknown}
 o - 2 potions of curing {unknown}
 q - a potion of heal wounds {unknown}
 s - a potion of cancellation {unknown}
Comestibles
 f - 3 bread rations
 i - a meat ration
 t - a chunk of flesh


   Skills:
 - Level 3.6 Fighting
 + Level 5.6 Long Blades
 - Level 3.6 Armour
 - Level 3.6 Shields


You had 3 spell levels left.
You didn't know any spells.

Dungeon Overview and Level Annotations

Branches:
Dungeon (2/15)

Altars:
Gozag


Innate Abilities, Weirdness & Mutations

You reflexively headbutt those who attack you in melee.
You have a pair of horns on your head.


Message History

The gnoll is almost dead.
The gnoll barely misses you. You block the gnoll's attack.
You hit the gnoll.
You kill the gnoll!
The hobgoblin hits you. You block the gnoll's attack.
You hit the hobgoblin.
You kill the hobgoblin!
The gnoll barely misses you.
You see here a spear.
You barely miss the gnoll. The gnoll hits you with a halberd!
* * * LOW HITPOINT WARNING * * *
You closely miss the gnoll. The gnoll hits you with a halberd.
* * * LOW HITPOINT WARNING * * *
You hit the gnoll. You headbutt the gnoll.
The gnoll is moderately wounded.
The gnoll hits you but does no damage.
You slash the gnoll!
The gnoll is almost dead.
The gnoll hits you with a halberd!
You die...

.........>....##.#
##.###.#########.#
##.# #...........#
##.# #.########..#
##.# #..
#####.#### ##.#
#.# #%..#.##.#
##.#####
#.}g)....# ....#
###### #g.#.#
##..# #....#
###@##.#
....###.####
#..###.# ......#)#
#......# ##.#....#
#..##### #.##.#.#
#..# #.##.#.# ##.#
#.##.#.# #.#
#.##.#.# #.#
#.##.#.#######.#


You could see a gnoll.

Vanquished Creatures
  2 gnolls
  An ooze (D:2)
  3 worms (D:2)
  2 giant geckos
  2 giant cockroaches (D:2)
  7 goblins
  11 hobgoblins
  5 jackals (D:1)
  3 kobolds
  3 quokkas (D:2)
  A ball python (D:1)
  5 bats
  2 giant newts (D:2)
  2 rats
49 creatures vanquished.

Notes
Turn   | Place    | Note
--------------------------------------------------------------
     0 | D:1      | George the Minotaur Fighter began the quest for the Orb.
     0 | D:1      | Reached XP level 1. HP: 19/19 MP: 0/0
   392 | D:1      | Reached XP level 2. HP: 26/26 MP: 1/1
   511 | D:1      | Reached skill level 4 in Long Blades
   513 | D:1      | Reached XP level 3. HP: 4/31 MP: 2/2
  1031 | D:2      | Found an opulent altar of Gozag.
  1257 | D:2      | Reached skill level 5 in Long Blades
  1523 | D:2      | Reached XP level 4. HP: 39/39 MP: 3/3
  1682 | D:2      | Slain by a gnoll

Vault maps used:
D:1:      dpeg_arrival_solitude, minmay_crystal_water, minmay_close_crescents
D:2:      nicolae_gozag_seed_capital, nicolae_ru_the_path_less_chosen,
          amalloy_card_club

Action                   |  1- 3 |  4- 6 || total
-------------------------+-------+-------++-------
Melee: Long sword        |   130 |    24 ||   154
  Eat: Chunk             |     2 |     1 ||     3
